 Dungeon Crawl Stone Soup version 0.22.0 (webtiles) character file.

103 letownia2 the Insei (level 4, -1/32 HPs)
             Began as a Demonspawn Transmuter on Aug 11, 2018.
             Slain by an orc wizard
             ... wielding a +0 dagger
              (4 damage)
             ... on level 3 of the Dungeon.
             The game lasted 00:04:44 (730 turns).

letownia2 the Insei (Demonspawn Transmuter)          Turns: 730, Time: 00:04:45

Health: -1/32      AC:  3    Str: 11    XL:     4   Next: 51%
Magic:  0/7        EV: 12    Int: 14    God:
Gold:   55         SH:  4    Dex: 14    Spells: 1/7 levels left

rFire    . . .     SeeInvis .   d - +0 hunting sling
rCold    . . .     Gourm    .   (no shield)
rNeg     . . .     Faith    .   c - +0 leather armour
rPois    .         Spirit   +   (helmet restricted)
rElec    .         Reflect  .   (no cloak)
rCorr    .         Harm     .   (no gloves)
MR       .....                  (no boots)
Stlth    +.........             g - amulet of guardian spirit
HPRegen  0.10/turn              (no ring)
MPRegen  0.10/turn              (no ring)

@: no status effects
A: horns 2, large bone plates 1
a: no special abilities


You were on level 3 of the Dungeon.
You were not hungry.

You visited 1 branch of the dungeon, and saw 3 of its levels.

You collected 55 gold pieces.

Inventory:

Hand Weapons
 d - a +0 hunting sling (weapon)
Missiles
 a - 32 arrows
 i - 14 sling bullets (quivered)
Armour
 b - a +0 robe
 c - a +0 leather armour (worn)
 e - a +0 scale mail
Jewellery
 g - an amulet of guardian spirit (around neck)
Scrolls
 f - 3 scrolls of teleportation {unknown}
 h - a scroll of fog {unknown}
Comestibles
 j - 3 rations


   Skills:
 - Level 1.0 Fighting
 - Level 1.7 Dodging
 - Level 4.7 Unarmed Combat
 - Level 2.0 Spellcasting
 - Level 2.0 Transmutations
 + Level 0.6 Poison Magic


You had one spell level left.
You knew the following spells:

 Your Spells              Type           Power        Failure   Level  Hunger
a - Beastly Appendage     Tmut           #.....       14%         1    ##.....
l - Sticks to Snakes      Tmut           #.......     21%         2    ###....
p - Spider Form           Tmut/Pois      #.........   47%         3    ####...

Your spell library contained the following spells:

 Spells                   Type           Power        Failure   Level  Hunger
 Blade Hands              Tmut           #.........   98%         5    ######.
 Ice Form                 Ice/Tmut       #.......     90%         4    #####..


Dungeon Overview and Level Annotations

Branches:
Dungeon (3/15)

Altars:


Innate Abilities, Weirdness & Mutations

You have a pair of horns on your head.
You are partially covered in large bone plates. (SH +4)


Message History

Unknown command.
Firing (i - inventory)
i - 16 sling bullets (quivered)
Press: ? - help, Shift-Dir - straight line, f/p - orc wizard
Aim: an orc wizard, wielding a dagger and wearing a robe (fast)
You shoot a sling bullet.
The sling bullet hits the orc wizard but does no damage.
You block the orc wizard's attack.
Your adder barely misses the orc.
Unknown command.
Unknown command.
Firing (i - inventory)
i - 15 sling bullets (quivered)
Press: ? - help, Shift-Dir - straight line, f/p - orc wizard
Aim: an orc wizard, wielding a dagger and wearing a robe (fast)
You shoot a sling bullet. The sling bullet hits the orc wizard.
The orc wizard is lightly wounded.
Your talons disappear.
The orc wizard points at you and mumbles some strange words.
The magic dart hits you!
* * * LOW HITPOINT WARNING * * *
Your adder closely misses the orc.
The orc wizard hits you with a dagger.
You die...

... ...#. ..###'#....
.....((..# ...[.(o.
####....#.#s... #. # #......
#.#...## ... . #.....#
#)#....#### #.# # #.....#
#)#oS..##.#####.# #
###.....###.#@....#........ #
#............o...().# #.# #
#.....##.##.#.#.#)#######.####
#.....##.##...#(..............
#........##........######.####
#'#...#####(........... #.#
#...................... #.#.#
####.....#####.....#.>....
#.#.# ........##
.......##+######'#.#


You could see an orc wizard, 2 orcs, a giant cockroach and a friendly adder.

Vanquished Creatures
  A centaur zombie (D:2)
  An adder (D:2)
  An ooze (D:2)
  A worm (D:2)
  2 dart slugs
  A leopard gecko (D:1)
  2 orcs (D:3)
  2 giant cockroaches
  8 goblins
  4 hobgoblins
  8 jackals
  6 kobolds
  5 bats
  3 frilled lizards
  2 rats
47 creatures vanquished.

Notes
Turn   | Place    | Note
-------+----------+-------------------------------------------
     0 | D:1      | letownia2 the Demonspawn Transmuter began the quest for the Orb.
     0 | D:1      | Reached XP level 1. HP: 15/15 MP: 3/3
    42 | D:1      | Reached skill level 3 in Unarmed Combat
    82 | D:1      | Mutation became permanent: You have a pair of small horns on your head. [demonic ancestry]
    82 | D:1      | Gained mutation: You have a pair of horns on your head. [demonic ancestry]
    82 | D:1      | Reached XP level 2. HP: 16/21 MP: 1/5
   305 | D:2      | Gained mutation: You have a pair of horns on your head. [demonic ancestry]
   305 | D:2      | Reached XP level 3. HP: 11/26 MP: 4/6
   309 | D:2      | Learned a level 2 spell: Sticks to Snakes
   313 | D:2      | Learned a level 3 spell: Spider Form
   373 | D:2      | Reached skill level 4 in Unarmed Combat
   497 | D:2      | Gained mutation: You are partially covered in large bone plates. (SH +4) [demonic ancestry]
   497 | D:2      | Reached XP level 4. HP: 14/32 MP: 1/7
   730 | D:3      | Slain by an orc wizard

Skill      XL: |  1  2  3  4 |
---------------+-------------+-----
Unarmed Combat | 3 4 |  4.7
Transmutations | 2 |  2.0
Fighting       | |  1.0
Dodging        | |  1.7
Spellcasting   | |  2.0
Poison Magic   | |  0.6

Action                   |  1- 3 |  4- 6 || total
-------------------------+-------+-------++-------
Melee: Unarmed           |    97 |    23 ||   120
       Kick              |    16 |     6 ||    22
       Headbutt          |    10 |     2 ||    12
       Punch             |     1 |       ||     1
 Fire: Hunting sling     |       |    12 ||    12
 Cast: Beastly Appendage |    16 |     7 ||    23
       Sticks to Snakes  |     1 |     1 ||     2
 Stab: Distracted        |     1 |       ||     1
Armor: Robe              |     3 |       ||     3
       Leather armour    |    11 |     5 ||    16
Dodge: Dodged            |    65 |    10 ||    75
Block: Other             |       |     5 ||     5
